Map: Blackpink LE

Players

Ascarecrow - Winner!

  • Race: Zerg Zerg
  • League: Diamond
  • Spawn Location: 1:00

Vivid

  • Race: Zerg Zerg
  • League: Master
  • Spawn Location: 7:00

VOD

Have the link to the VOD?

Description

Time

  • Played on: Nov. 20, 2017, 1:38 a.m.
  • Length: 11:59
Show
View Real Time Build Order
Export as new Build Order

Ascarecrow Zerg - Winner!

Build Orders: Hatch First 

Get SALT Encoding   

  12  0:01  Drone  
  13  0:14  Overlord  
  13  0:17  Drone  
  14  0:32  Drone x2  
  16  0:36  Drone  
  17  0:53  Hatchery  
  17  0:55  Drone  
  17  1:00  Drone  
  17  1:03  Extractor  
  17  1:15  Spawning Pool  
  17  1:17  Drone  
  17  1:20  Drone  
  18  1:30  Drone  
  19  1:46  Overlord  
  19  2:01  Queen  
  19  2:03  Zergling x2  
  19  2:05  Drone x2, Queen  
  19  2:06  Metabolic Boost  
  26  2:14  Drone  
  27  2:23  Drone  
  27  2:24  Drone  
  29  2:32  Baneling Nest  
  29  2:33  Drone  
  29  2:35  Drone  
  30  2:40  Drone  
  31  2:45  Drone  
  32  3:00  Hatchery  
  30  3:06  Zergling x2  
  30  3:07  Zergling x4  
  33  3:15  Overlord  
  33  3:17  Zergling x6  
  36  3:23  Overlord  
  36  3:35  Zergling x2  
  36  3:36  Zergling x8  
  41  3:42  Zergling x2  
  41  3:44  Baneling  
  41  3:45  Baneling x3  
  41  3:48  Zergling x8  
  44  4:18  Zergling x2  
  44  4:19  Zergling x12  
  50  4:26  Drone x7  
  56  4:42  Drone  
  57  4:51  Drone  
  57  4:58  Overlord x4  
  57  5:01  Baneling x2  
  57  5:05  Drone  
  58  5:10  Queen  
  58  5:11  Roach Warren  
  58  5:13  Evolution Chamber  
  56  5:15  Drone  
  56  5:17  Drone x5  
  56  5:18  Drone x5  
  56  5:20  Lair  
  67  5:32  Baneling x2  
  67  5:37  Drone x2  
  67  5:38  Drone x2  
  71  5:48  Zergling x2  
  71  5:49  Zergling x4  
  67  5:56  Extractor  
  64  5:57  Extractor, Zerg Missile Weapons Level 1  
  64  5:59  Baneling x3  
  64  6:00  Zergling x16  
  71  6:09  Overlord  
  71  6:25  Drone  
  72  6:26  Drone x9  
  76  6:49  Roach x6  
  76  6:51  Glial Reconstitution, Overlord x2  
  88  6:54  Extractor  
  88  6:55  Extractor  
  88  6:57  Roach  
  88  6:59  Zergling x2  
  88  7:01  Baneling x4  
  89  7:04  Overlord  
  89  7:05  Overlord  
  89  7:16  Roach  
  89  7:17  Roach x6  
  102  7:27  Roach x6, Zergling x2  
  102  7:28  Zergling x2  
  105  7:31  Baneling  
  102  7:41  Queen  
  104  7:45  Drone  
  104  7:46  Drone x5  
  110  7:52  Overlord x3  
  110  7:55  Roach x3  
  110  7:56  Zerg Missile Weapons Level 2  
  116  8:12  Roach x5  
  123  8:14  Baneling x2  
  123  8:21  Roach  
  123  8:22  Roach x7  
  125  8:49  Roach  
  125  8:50  Roach x9  
  142  9:08  Extractor  
  141  9:11  Roach  
  141  9:12  Roach  
  141  9:13  Overlord x3  
  141  9:20  Roach x4  
  129  9:36  Roach x2  
  129  9:37  Roach x8  
  149  9:49  Roach x4  
  157  9:55  Ravager  
  157  9:56  Ravager  
  157  9:57  Ravager, Hatchery  
  159  10:00  Ravager  
  159  10:01  Roach  
  159  10:02  Roach x2  
  159  10:04  Overlord  
  166  10:31  Roach x7  
  176  10:37  Overseer  
  160  10:53  Roach  
  160  10:54  Roach x8  
  162  11:05  Roach  
  162  11:06  Roach x2  
  162  11:13  Roach  
  158  11:25  Roach x4  
  139  11:37  Roach  
  139  11:38  Roach x5  
Show
View Real Time Build Order
Export as new Build Order

Vivid Zerg 

Build Orders: Hatch First, Zergling Baneling 

Get SALT Encoding   

  12  0:01  Drone  
  13  0:12  Overlord  
  13  0:26  Drone  
  14  0:30  Drone  
  15  0:36  Drone  
  16  0:55  Drone  
  17  0:59  Hatchery  
  17  1:03  Drone  
  17  1:06  Extractor  
  16  1:13  Drone  
  16  1:15  Spawning Pool  
  16  1:20  Drone  
  17  1:34  Drone  
  18  1:43  Drone  
  19  1:53  Overlord  
  19  2:02  Queen  
  21  2:10  Drone, Queen  
  21  2:11  Metabolic Boost, Drone  
  25  2:18  Drone  
  26  2:23  Drone  
  26  2:28  Drone  
  28  2:32  Drone  
  29  2:41  Drone  
  29  2:43  Hatchery  
  29  2:47  Drone  
  30  2:53  Drone  
  30  2:54  Baneling Nest  
  30  3:02  Drone, Overlord  
  31  3:15  Zergling x2  
  31  3:16  Zergling x8  
  36  3:23  Drone x4  
  40  3:29  Overlord  
  40  3:39  Baneling x3  
  40  3:42  Baneling x2  
  40  3:44  Zergling x2  
  40  3:45  Zergling x2  
  40  3:47  Zergling x8  
  46  4:01  Queen  
  48  4:07  Zergling x2  
  48  4:08  Roach Warren  
  48  4:12  Baneling  
  45  4:17  Baneling  
  45  4:18  Baneling  
  44  4:26  Zergling x16  
  50  4:34  Drone  
  50  4:35  Drone  
  51  4:48  Extractor  
  51  4:50  Zergling x8  
  51  4:54  Drone x4  
  55  5:14  Drone x2  
  57  5:15  Overlord  
  57  5:21  Baneling x2  
  57  5:25  Overlord  
  57  5:28  Extractor, Lair  
  56  5:31  Evolution Chamber  
  55  5:41  Drone  
  55  5:46  Drone  
  55  5:47  Drone x10, Overlord  
  56  6:04  Overlord  
  56  6:10  Drone x2  
  56  6:11  Zerg Missile Weapons Level 1  
  56  6:12  Drone x2  
  56  6:13  Zergling x6  
  56  6:14  Zergling x6  
  64  6:19  Roach x2  
  68  6:28  Roach  
  68  6:29  Roach x6  
  79  6:44  Glial Reconstitution  
  79  6:47  Overlord  
  79  6:51  Roach x5  
  79  6:53  Overlord  
  89  6:59  Overlord x2  
  89  7:03  Baneling  
  89  7:04  Baneling x7, Extractor  
  89  7:06  Hatchery  
  87  7:11  Overseer  
  87  7:18  Drone x6  
  87  7:20  Extractor, Drone  
  87  7:21  Extractor  
  91  7:28  Zergling x6  
  87  7:30  Zergling x6  
  87  7:31  Zergling x10  
  90  7:47  Drone x3  
  90  7:48  Drone x3  
  96  7:53  Hydralisk Den  
  96  7:57  Overlord  
  95  8:00  Drone  
  95  8:13  Overlord  
  95  8:14  Drone x4  
  95  8:15  Drone x3, Overlord x4  
  95  8:18  Zerg Missile Weapons Level 2  
  102  8:23  Evolution Chamber, Queen  
  105  8:27  Roach x3  
  105  8:28  Roach x4  
  105  8:33  Roach  
  118  8:35  Roach  
  116  8:41  Roach  
  116  8:42  Roach x5  
  116  8:46  Baneling  
  124  8:49  Ravager  
  124  8:50  Ravager x2  
  124  8:52  Zerg Ground Armor Level 1  
  125  8:56  Roach  
  125  8:57  Roach x3  
  125  9:02  Roach x2  
  126  9:03  Roach x2  
  126  9:07  Roach  
  126  9:08  Roach x3  
  138  9:10  Roach  
  138  9:12  Roach  
  138  9:15  Roach  
  136  9:21  Roach  
  124  9:25  Roach x4  
  124  9:29  Roach  
  124  9:30  Roach x4  
  118  9:33  Overlord  
  112  9:39  Roach x5  
  112  9:42  Ravager  
  123  9:47  Roach x3  
  129  9:58  Roach x2  
  129  9:59  Roach x3  
  139  10:05  Roach  
  139  10:06  Roach x3  
  147  10:11  Roach x3  
  147  10:12  Roach  
  155  10:21  Roach x4  
  163  10:25  Roach  
  156  10:33  Roach x5  
  146  10:41  Roach Warren  
  137  10:42  Roach  
  137  10:43  Roach x3  
  137  10:46  Roach  
  139  10:53  Hydralisk x2  
  139  10:55  Hydralisk x2  
  125  11:04  Hydralisk x3  
  123  11:12  Hydralisk x2  
  123  11:13  Hydralisk  
  125  11:20  Hydralisk x3  
  125  11:22  Hydralisk  
  109  11:26  Roach x2  
  109  11:29  Roach  
  109  11:30  Roach  
  96  11:33  Roach  
Tags
 
Add a new tag
Caveats
  • Supply blocks, unpowered buildings, or Contaminate may cause inaccurate times.
  • Supply counts are checked every 10 seconds.